Map: Dasan Station LE

Players

Gracz - Winner!

  • Race: Protoss Protoss
  • League: Bronze

Roscoe

  • Race: Terran Terran
  • League: Bronze

VOD

Have the link to the VOD?

Description

Time

  • Played on: Sept. 18, 2016, 11:38 a.m.
  • Length: 8:36
Show
View Real Time Build Order
Export as new Build Order

Gracz Protoss - Winner!

Build Orders:  

Get SALT Encoding   

  12  0:01  Probe (Chrono Boost)  
  13  0:12  Probe (Chrono Boost)  
  14  0:23  Probe (Chrono Boost)  
  14  0:28  Pylon  
  15  0:35  Pylon  
  15  0:46  Probe (Chrono Boost)  
  16  0:54  Gateway  
  17  0:57  Probe (Chrono Boost)  
  17  1:07  Probe (Chrono Boost)  
  17  1:10  Gateway  
  18  1:18  Probe (Chrono Boost)  
  19  1:20  Gateway  
  19  1:30  Assimilator  
  19  1:39  Zealot  
  21  1:52  Probe (Chrono Boost)  
  22  1:56  Cybernetics Core  
  22  2:05  Probe (Chrono Boost), Zealot  
  25  2:27  Zealot  
  25  2:28  Zealot  
  25  2:29  Zealot  
  31  2:54  Pylon  
  31  3:33  Zealot  
  31  3:36  Zealot  
  31  3:37  Zealot  
  37  3:57  Zealot  
  39  4:28  Zealot  
  39  4:30  Zealot  
  39  4:31  Zealot  
  39  4:55  Robotics Facility  
  39  4:59  Gateway  
  39  5:32  Gateway  
  39  5:43  Pylon  
  39  5:57  Stalker  
  39  6:00  Stalker x2  
  45  6:22  Stargate  
  45  6:23  Stalker  
  45  6:25  Assimilator  
  47  6:33  Nexus  
  47  7:02  Pylon  
  47  7:03  Assimilator  
  47  7:07  Assimilator  
  47  7:16  Stalker  
  47  7:20  Stalker x2, Phoenix  
  47  7:21  Pylon  
  55  7:50  Stalker x2  
Show
View Real Time Build Order
Export as new Build Order

Roscoe Terran 

Build Orders:  

Get SALT Encoding   

  12  0:03  SCV  
  13  0:15  SCV  
  14  0:21  Supply Depot  
  15  0:28  SCV  
  15  0:36  Supply Depot  
  15  0:45  Barracks  
  15  0:52  SCV  
  16  1:03  Barracks  
  16  1:11  Supply Depot  
  16  1:36  Barracks  
  16  1:41  Marine  
  17  1:51  Supply Depot  
  17  1:59  Marine  
  17  2:00  Bunker  
  17  2:17  Marine  
  17  2:19  SCV  
  17  2:34  SCV  
  17  2:35  Marine  
  18  2:53  Marine  
  18  2:54  Marine  
  18  2:55  Marine  
  20  3:11  Marine  
  20  3:12  Marine  
  21  3:13  Marine  
  19  3:27  Engineering Bay  
  19  3:30  Marine x2  
  20  3:48  Marine x2  
  20  4:06  Marine  
  15  4:34  Refinery  
    6:05  SCV  
  1  6:17  SCV  
  2  6:27  Supply Depot  
  2  6:29  SCV  
  3  6:40  Supply Depot  
  3  6:41  SCV  
  4  6:53  SCV  
  5  7:01  Barracks  
  5  7:05  SCV  
  6  7:19  Engineering Bay  
  6  7:30  Refinery  
  6  7:33  SCV  
Tags
 
Add a new tag
Caveats
  • Supply blocks, unpowered buildings, or Contaminate may cause inaccurate times.
  • Supply counts are checked every 10 seconds.